[Event "ROU-chT Women Superliga 2018"]
[Site "Sovata"]
[Date "2018.11.28"]
[Round "4"]
[White "Bulmaga, Irina"]
[Black "Baciu, Anca-Otilia"]
[Result "1-0"]
[ECO "B81"]
[WhiteElo "2386"]
[BlackElo "1998"]
[Annotator "NA RC"]
[PlyCount "57"]
[EventDate "2018.11.24"]
[EventType "team-tourn"]
[EventCountry "ROU"]
[SourceTitle "playchess.com"]
[Source "ChessBase"]
[SourceQuality "1"]
[TimeControl "40/5400+30:1800+30"]

1. e4 c5 2. Nf3 e6 3. d4 cxd4 4. Nxd4 Nf6 5. Nc3 d6 6. g4 h6 7. h3 a6 8. Bg2 Qc7 9. f4 {[%emt 0:00:50] B81: Sicilian Scheveningen: Keres Attack} Nc6 10. Be3 Bd7 (10... Na5 11. Qe2 Nc4 12. O-O-O Bd7 13. Kb1 Rc8 14. Bc1 e5 15. Nd5 Nxd5 16. exd5 Be7 17. Nf3 exf4 {½-½ (38) Leko,P (2699)-Stella,A (2500) Gallipoli 2017}) 11. Qe2 Be7 12. O-O-O g6 13. Qf2 $146 ({Predecessor:} 13. Rhf1 Na5 14. Kb1 Rc8 15. Nf3 Nc4 16. Bg1 Nxb2 17. Bd4 Nxd1 18. Rxd1 O-O 19. h4 Qa5 20. g5 Nh5 21. gxh6 Rxc3 {0-1 (21) Palac,M (2575)-Lazarev,V (2500) Porto San Giorgio 1997}) 13... Rc8 14. Rhf1 Nxd4 15. Bxd4 O-O 16. e5 Ne8 17. f5 Bc6 18. f6 Bd8 19. exd6 Qd7 20. Bxc6 Rxc6 21. Be5 Kh7 22. Ne4 Bb6 23. Qe2 Bc5 24. Qd3 b5 (24... Rh8 $142 25. h4 Kg8) 25. h4 Rg8 26. h5 Bb6 27. hxg6+ Rxg6 28. Rh1 Bd8 29. g5 $18 1-0

[Event "ROU-chT Women Superliga 2018"]
[Site "Sovata"]
[Date "2018.11.28"]
[Round "4"]
[White "Cosma, Elena-Luminita"]
[Black "Ciungan, Diana-Alexandra"]
[Result "1-0"]
[ECO "A43"]
[WhiteElo "2338"]
[BlackElo "1863"]
[Annotator "NA RC"]
[PlyCount "43"]
[EventDate "2018.11.24"]
[EventType "team-tourn"]
[EventCountry "ROU"]
[SourceTitle "playchess.com"]
[Source "ChessBase"]
[SourceQuality "1"]
[TimeControl "40/5400+30:1800+30"]

1. d4 Nf6 2. Nf3 c5 3. d5 b5 4. Bg5 Qb6 5. Bxf6 Qxf6 6. c3 d6 7. e4 {[%emt 0:00:36] A43: Schmid Benoni} a6 8. Qc2 (8. Nbd2 g5 9. a4 g4 10. Ng1 b4 11. cxb4 cxb4 12. Nc4 Nd7 13. Bd3 Ne5 14. Nb6 Nxd3+ 15. Qxd3 Qxb2 {1-0 (50) Maze,S (2619)-Solodovnichenko,Y (2576) Chartres 2017}) 8... Nd7 9. a4 Rb8 $146 ({Predecessor:} 9... b4 10. Be2 Rb8 11. O-O g5 12. Nfd2 Ne5 13. Nc4 Bg7 14. a5 g4 15. Nxe5 Qxe5 {0-1 (40) Dimitrov,A (2317)-Ozgur,I (1930) Kesan 2017}) 10. axb5 axb5 11. Ra5 b4 12. Bb5 bxc3 13. Nxc3 e6 14. Ra7 (14. Qb3 $142 Kd8 15. Ra7) 14... Qd8 15. Qa4 Be7 16. O-O Rb7 17. Rxb7 Bxb7 18. e5 Bc8 19. exd6 Bxd6 (19... Bf6 $142 20. dxe6 fxe6) 20. dxe6 fxe6 21. Ne4 Qc7 22. Bxd7+ $18 1-0

[Event "ROU-chT Women Superliga 2018"]
[Site "Sovata"]
[Date "2018.11.28"]
[Round "4"]
[White "Sgircea, Silvia-Raluca"]
[Black "Popa, Catalina-Elena"]
[Result "1-0"]
[ECO "A15"]
[WhiteElo "2259"]
[BlackElo "1746"]
[Annotator "NA RC"]
[PlyCount "81"]
[EventDate "2018.11.24"]
[EventType "team-tourn"]
[EventCountry "ROU"]
[SourceTitle "playchess.com"]
[Source "ChessBase"]
[SourceQuality "1"]
[TimeControl "40/5400+30:1800+30"]

1. c4 Nf6 2. Nf3 d6 3. g3 e5 4. d3 Nc6 5. Bg2 Be7 6. O-O O-O 7. Nc3 h6 8. Rb1 Be6 {[%emt 0:01:30] A29: English Opening: Four Knights Variation with 4 g3} 9. b4 Qd7 10. b5 Na5 11. Bd2 $146 ({Predecessor:} 11. c5 a6 12. cxd6 Bxd6 13. d4 exd4 14. Qxd4 axb5 15. Rxb5 Be7 16. Bf4 {0-1 (25) Ekdyshman,M (2362)-Vajda,L (2554) Zalakaros 2015}) 11... Bh3 (11... a6 $14) 12. Nd5 Bxg2 13. Kxg2 Nxd5 14. cxd5 b6 {[%emt 0:00:09] [#]} 15. Bxa5 $1 bxa5 16. Qd2 f5 17. Qxa5 g5 18. Qb4 g4 19. Nd2 Bg5 20. f4 gxf3+ 21. Rxf3 a6 {[%emt 0:23:17] [#]} 22. bxa6 (22. b6 $1 $18) 22... Rxa6 23. Rb2 Ra4 24. Qb3 Rfa8 25. Nc4 Kg7 26. Rf1 (26. e4 $142) 26... R4a7 27. a3 Bf6 (27... f4 $16) 28. e4 fxe4 29. dxe4 Qg4 30. Qd3 h5 31. Ne3 Qd7 32. Nf5+ $18 Kg6 33. Rb3 Ra4 34. h4 R4a7 35. Qe3 Qh7 36. Qf3 Rf8 37. Qf2 Ra4 38. Rf3 Qd7 39. Qe3 Qh7 40. Nxd6 Qe7 41. Rxf6+ 1-0

[Event "ROU-chT Women Superliga 2018"]
[Site "Sovata"]
[Date "2018.11.28"]
[Round "4"]
[White "Ionica, Iulia-Ionela"]
[Black "Bucur, Denisa-Andreea"]
[Result "1-0"]
[ECO "B43"]
[WhiteElo "2139"]
[BlackElo "2012"]
[Annotator "NA RC"]
[PlyCount "79"]
[EventDate "2018.11.24"]
[EventType "team-tourn"]
[EventCountry "ROU"]
[SourceTitle "playchess.com"]
[Source "ChessBase"]
[SourceQuality "1"]
[TimeControl "40/5400+30:1800+30"]

1. e4 c5 2. Nf3 e6 3. d4 cxd4 4. Nxd4 a6 5. Nc3 Qc7 6. g3 Nf6 7. Bg2 Nc6 8. O-O Be7 9. Re1 d6 10. Nxc6 bxc6 11. e5 dxe5 12. Rxe5 O-O 13. Bf4 Bd6 {[%emt 0:08:05] B80: Sicilian Scheveningen: 6 g3 and 6 Be3, including English Attack} (13... Qb7 14. Na4 Rd8 15. Qf3 Nd5 16. Bd2 Bf6 17. Re4 e5 18. Rae1 Ne7 19. Ba5 Rd5 20. Bc3 Bf5 21. Rb4 Qc7 22. Nb6 {1-0 (35) Movsesian,S (2651)-Sakaev,K (2647) Panormo 2002}) 14. Rxe6 Bxe6 15. Bxd6 Qb6 16. Bxf8 Rxf8 17. b3 Rd8 18. Qe1 Bf5 19. Rc1 $146 ({Predecessor:} 19. Na4 Qd4 20. c3 Qd6 21. Bf3 Re8 22. Qd1 Qe5 23. Bxc6 Rc8 24. Bf3 Ne4 25. Qe1 Re8 26. Qe3 h6 27. Bg2 Qd6 28. Qd4 {1-0 (28) Firat,B (2416)-Ladopoulos,D (2051) Kavala 2013}) 19... h6 20. h3 Re8 21. Qd2 Qa5 22. Rd1 c5 23. a4 Qb4 24. g4 Be6 $16 25. Ne2 Qb6 26. Ng3 c4 27. b4 Bd7 28. a5 Qb5 29. c3 Bc6 30. Qf4 Bxg2 31. Kxg2 Qc6+ 32. Qf3 Qe6 33. Rd4 Nh7 34. Qd5 Qe1 35. Qxc4 Ng5 36. h4 Ne6 37. Re4 Qc1 38. Ne2 Qb1 39. Nf4 Nxf4+ 40. Rxf4 1-0

[Event "ROU-chT Women Superliga 2018"]
[Site "Sovata"]
[Date "2018.11.28"]
[Round "4"]
[White "Yugina, Maria"]
[Black "Raeva, Elitsa"]
[Result "0-1"]
[ECO "A46"]
[WhiteElo "2129"]
[BlackElo "2252"]
[Annotator "NA RC"]
[PlyCount "78"]
[EventDate "2018.11.24"]
[EventType "team-tourn"]
[EventCountry "ROU"]
[SourceTitle "playchess.com"]
[Source "ChessBase"]
[SourceQuality "1"]
[TimeControl "40/5400+30:1800+30"]

1. d4 Nf6 2. Nf3 e6 3. e3 b6 4. Bd3 Bb7 5. O-O Be7 6. b3 O-O 7. Bb2 Ne4 8. Nbd2 {[%emt 0:03:32] A47: 1 d4 Nf6 2 Nf3 b6: Torre, London and Colle Systems} f5 9. c4 d5 10. Rc1 Nd7 11. Qe2 a5 (11... Bd6 12. Rfd1 Qe7 13. Ne5 Nxd2 14. Qxd2 Nxe5 15. dxe5 Bb4 16. Qc2 Bc5 17. Bd4 Ba3 18. Bb2 Bxb2 19. Qxb2 {0-1 (69) Danielian,E (2497)-Dzagnidze,N (2516) Beijing 2011}) 12. a3 Bd6 13. Ne5 (13. Rfd1 $11) 13... Bxe5 14. dxe5 Ndc5 $146 ({Predecessor:} 14... Nxd2 15. Qxd2 {0-1 (44) Rossetto,H-Stahlberg,G Buenos Aires 1947}) 15. cxd5 $2 (15. Nxe4 $17 fxe4 16. Bc2) 15... Nxd2 16. Qxd2 Qxd5 17. f3 Qxd3 18. Qxd3 Nxd3 19. Rxc7 Bd5 ({Resist} 19... Nxb2 20. Rxb7 Rab8 21. Rc7 $19) 20. Bd4 Nc5 ({Not} 20... Bxb3 21. Rc3 $19) 21. Bxc5 bxc5 22. Rxc5 Bxb3 23. Rfc1 a4 24. Kf2 Rfd8 25. Rc7 Rd2+ 26. Kg3 Rad8 27. h4 h6 28. h5 Kf8 29. Kh3 R8d7 30. Rc8+ Kf7 31. R1c6 R2d3 32. f4 Rxe3+ 33. g3 Red3 34. Rb6 Rd1 35. Kg2 Bd5+ (35... R7d2+ $142 36. Kf3 Bd5+ 37. Ke3 Rd3+ {[%mdl 64] Double Attack} 38. Kf2 R1d2+ 39. Kf1 Ra2 40. Rb1 Rf3+ 41. Ke1 Rxg3 42. Rc7+ Kg8 43. Rb8+ Kh7 44. Rh8+ {[%mdl 64] Decoy} Kxh8 45. Rc8+ Kh7 46. Rc2 Rxc2 47. Kf1 Rh3 48. Kg1 Rh1#) 36. Kf2 Rh1 $19 37. Rb4 Rxh5 38. Rxa4 Rh2+ 39. Ke1 Bb3 0-1

[Event "ROU-chT Women Superliga 2018"]
[Site "Sovata"]
[Date "2018.11.28"]
[Round "4"]
[White "Lehaci, Miruna-Daria"]
[Black "Nastase, Andreea-Cristina"]
[Result "1-0"]
[ECO "B50"]
[WhiteElo "2067"]
[BlackElo "1900"]
[Annotator "NA"]
[PlyCount "79"]
[EventDate "2018.11.24"]
[EventType "team-tourn"]
[EventCountry "ROU"]
[SourceTitle "playchess.com"]
[Source "ChessBase"]
[SourceQuality "1"]
[TimeControl "40/5400+30:1800+30"]

1. e4 c5 2. Nf3 d6 3. Bc4 Nf6 4. d3 e6 5. O-O Nc6 6. c3 Be7 7. Bb3 O-O 8. Re1 Ne5 {[%emt 0:07:58] B50: Sicilian: 2...d6, Miscellaneous} (8... e5 9. Nbd2 b5 10. a4 b4 11. Nc4 Rb8 12. Bg5 Be6 13. Rb1 Nd7 14. Bxe7 Qxe7 15. Nfd2 Nf6 16. a5 Qc7 {½-½ (49) Artemiev,V (2697)-Nepomniachtchi,I (2751) Moscow 2018}) 9. d4 Nxf3+ 10. Qxf3 cxd4 11. cxd4 e5 12. dxe5 dxe5 13. Nc3 Be6 14. Bg5 Nd7 {[%emt 0:09:28] [#]} 15. Be3 $146 ({Predecessor:} 15. Bxe6 fxe6 16. Bxe7 Qxe7 {½-½ (28) David,A (2586)-Cebalo,M (2304) Bratto 2017}) 15... Bxb3 16. axb3 Bb4 17. Red1 Bxc3 18. bxc3 Qc7 19. c4 (19. Bxa7 $2 b6 $17) ({Inferior is} 19. Rxa7 Rxa7 20. Bxa7 b6 $17) 19... a5 20. Rd5 Nf6 21. Rc5 Qe7 22. Rb5 Rfc8 23. Qf5 Qd6 (23... Re8 $16 {keeps fighting.}) 24. h3 a4 25. Rxa4 g6 26. Qxe5 (26. Rxa8 $18 Rxa8 27. Qf3) 26... Qxe5 27. Rxe5 Rxa4 28. bxa4 Rxc4 29. a5 Rxe4 30. Rb5 Re7 31. Bg5 Kg7 32. Rb6 Re1+ 33. Kh2 Ne4 34. Be3 Kf8 35. Rxb7 Ra1 36. Ra7 Ra2 37. a6 Nxf2 38. Ra8+ Ke7 39. a7 Nd1 40. Bd4 1-0

[Event "ROU-chT Women Superliga 2018"]
[Site "Sovata"]
[Date "2018.11.28"]
[Round "4"]
[White "Aciu, Malina-Andreea"]
[Black "Matasaru, Stephanie"]
[Result "1/2-1/2"]
[ECO "B22"]
[WhiteElo "1976"]
[BlackElo "1859"]
[Annotator "NA"]
[PlyCount "55"]
[EventDate "2018.11.24"]
[EventType "team-tourn"]
[EventCountry "ROU"]
[SourceTitle "playchess.com"]
[Source "ChessBase"]
[SourceQuality "1"]
[TimeControl "40/5400+30:1800+30"]

1. e4 c5 2. c3 Nf6 3. e5 Nd5 4. d4 cxd4 5. Nf3 Nc6 6. cxd4 d6 7. Bc4 Nb6 8. Bb3 dxe5 9. d5 Na5 10. Nc3 Nxb3 11. Qxb3 e6 12. Nxe5 Bd6 {[%emt 0:01:24] B22: Sicilian: 2 c3} (12... Nxd5 13. Qb5+ Bd7 14. Qxb7 Bb4 15. Nxd7 Qc8 16. Nc5 Qxb7 17. Nxb7 Rb8 18. Nd6+ Bxd6 19. Nxd5 exd5 20. O-O {½-½ (31) Stevic,H (2624)-Markus,R (2625) Ljubljana 2012}) 13. Qb5+ Kf8 14. dxe6 Bxe6 15. Be3 Qc7 16. Nf3 Nc4 17. O-O $146 ({Predecessor:} 17. Bd4 a6 18. Qg5 Rg8 19. O-O h6 20. Qh5 {½-½ (33) Jonker,F (2141)-Hoeksema,H (2373) Dieren 2006}) 17... Nxe3 18. fxe3 Bc4 19. Qf5 Bxf1 20. Rxf1 Qc8 21. Qh5 Qc4 22. Nd5 f6 23. Ng5 $15 ({White should play} 23. Nd4 $18 Re8 {[#]} 24. Nxf6 $1 gxf6 25. Rxf6+ {[%mdl 64] Double Attack} Ke7 26. Qh4) 23... Bxh2+ 24. Kxh2 Qxd5 25. Nxh7+ Rxh7 26. Qxh7 Qe5+ 27. Kh1 Re8 28. Rf3 1/2-1/2

[Event "ROU-chT Women Superliga 2018"]
[Site "Sovata"]
[Date "2018.11.28"]
[Round "4"]
[White "Stanciu, Andreea-Briana"]
[Black "Pelin, Ana-Maria"]
[Result "1/2-1/2"]
[ECO "B42"]
[WhiteElo "1953"]
[BlackElo "1751"]
[Annotator "NA"]
[PlyCount "40"]
[EventDate "2018.11.24"]
[EventType "team-tourn"]
[EventCountry "ROU"]
[SourceTitle "playchess.com"]
[Source "ChessBase"]
[SourceQuality "1"]
[TimeControl "40/5400+30:1800+30"]

1. e4 c5 2. Nf3 e6 3. d4 cxd4 4. Nxd4 a6 5. Bd3 Qc7 6. Nc3 Nf6 7. O-O Nc6 8. Nxc6 bxc6 9. f4 d5 10. e5 Nd7 {[%emt 0:01:30] B46: Sicilian: Taimanov: 5 Nc3 a6} 11. Qg4 Bc5+ 12. Kh1 O-O 13. Rf3 $146 ({Predecessor:} 13. Bd2 f5 14. exf6 Nxf6 15. Qh4 {1-0 (38) Naiditsch,A (2687)-Stratonowitsch,A (2138) Doha 2016}) 13... f5 14. Qh3 Rf7 15. g4 Nf8 16. gxf5 exf5 17. Bd2 a5 18. Re1 Be6 19. Ne2 $17 a4 20. c3 Qa7 1/2-1/2

[Event "ROU-chT Women Superliga 2018"]
[Site "Sovata"]
[Date "2018.11.28"]
[Round "4"]
[White "Anton, Ana-Roxana"]
[Black "Visanescu, Daria-Ioana"]
[Result "0-1"]
[ECO "D02"]
[WhiteElo "1860"]
[BlackElo "2096"]
[Annotator "NA"]
[PlyCount "68"]
[EventDate "2018.11.24"]
[EventType "team-tourn"]
[EventCountry "ROU"]
[SourceTitle "playchess.com"]
[Source "ChessBase"]
[SourceQuality "1"]
[TimeControl "40/5400+30:1800+30"]

1. d4 d5 2. Nf3 e6 3. Bf4 Nf6 4. e3 Bd6 5. Bg5 Nbd7 6. Bd3 Be7 7. Nbd2 c5 {[%emt 0:00:29] D03: 1 d4 d5 2 Nf3 Nf6 3 Bg5, including Torre Attack with early ...d5} (7... b6 8. c3 Bb7 9. O-O O-O 10. b4 h6 11. Bf4 c5 12. Qb1 cxb4 13. cxb4 Nh5 14. Be5 Nhf6 15. Bg3 Nh5 16. Be5 Nhf6 17. Bf4 Nh5 18. Be5 {½-½ (17) Andreikin,D (2710)-Oparin,G (2609) Satka 2018}) 8. c4 h6 9. Bh4 b6 10. b3 Bb7 11. Qc2 Rc8 12. O-O O-O 13. Rac1 b5 $146 ({Predecessor:} 13... Nh5 14. Bxe7 Qxe7 15. Rfe1 Nhf6 16. e4 dxe4 17. Nxe4 Nxe4 18. Bxe4 Nf6 19. Bxb7 Qxb7 {½-½ (34) Vaitonis,V (2029)-Barsciauskas,G (1891) Klaipeda 2011}) 14. Qb1 bxc4 15. bxc4 Ba8 16. h3 cxd4 17. exd4 dxc4 18. Bxc4 Nb6 19. Bb3 Nbd5 20. Rxc8 Qxc8 21. Bg3 Rd8 22. Rc1 Nc3 23. Qd3 Ne2+ 24. Qxe2 Qxc1+ 25. Kh2 Nd5 26. Nc4 Nc3 27. Qe3 Qxe3 28. fxe3 Ne2 29. Be1 Nc1 30. Nfd2 Nxb3 $19 31. axb3 Bb4 32. Kg3 Bd5 33. Kf2 Rc8 34. g3 Bxd2 0-1

[Event "ROU-chT Women Superliga 2018"]
[Site "Sovata"]
[Date "2018.11.28"]
[Round "4"]
[White "Cristocea, Gabriela"]
[Black "Sandu, Mihaela"]
[Result "0-1"]
[ECO "E10"]
[WhiteElo "1843"]
[BlackElo "2308"]
[Annotator "NA RC"]
[PlyCount "44"]
[EventDate "2018.11.24"]
[EventType "team-tourn"]
[EventCountry "ROU"]
[SourceTitle "playchess.com"]
[Source "ChessBase"]
[SourceQuality "1"]
[TimeControl "40/5400+30:1800+30"]

1. d4 Nf6 2. c4 e6 3. Nf3 d5 4. Bf4 Be7 5. e3 O-O 6. Nc3 c5 7. cxd5 Nxd5 8. Nxd5 {[%emt 0:00:31] D37: Queen's Gambit Declined: 5 Bf4} Qxd5 9. a3 Nc6 (9... cxd4 10. Qxd4 Qxd4 11. Nxd4 Bf6 12. Bg3 Bxd4 13. exd4 Rd8 14. O-O-O b6 15. Bh4 Rd6 16. Bg3 Rd8 17. Bh4 {½-½ (17) Edouard,R (2641)-Hammer,J (2689) Drancy 2016}) 10. dxc5 Qxc5 11. Rc1 Qa5+ 12. Qd2 Qxd2+ 13. Nxd2 Bf6 14. Rc2 $146 ({Predecessor:} 14. Nc4 e5 15. Bg3 Be6 16. Be2 e4 17. b4 Ne7 {½-½ (18) Tschann,S (2214)-Gasthofer,A (2458) Germany 2010}) 14... e5 15. Bg3 Bf5 16. Rc1 Rac8 17. Be2 Rfd8 18. Bf3 Bd3 (18... e4 $17 19. Bxe4 Bxe4 20. Nxe4 Bxb2 {[%mdl 64] Double Attack}) 19. Be4 {[%emt 0:03:19] [#]} Nd4 $1 20. Rxc8 Rxc8 21. Bf3 (21. f4 $19 exf4 22. Bxf4 Bh4+ 23. g3 Bxe4 24. Nxe4 Rc1+ 25. Kf2 Rxh1 26. exd4) 21... Rc1+ 22. Bd1 Nc2# 0-1

[Event "ROU-chT Women Superliga 2018"]
[Site "Sovata"]
[Date "2018.11.28"]
[Round "4"]
[White "Coman, Emilia-Florentina"]
[Black "Popa, Andrada"]
[Result "1-0"]
[ECO "D35"]
[WhiteElo "1802"]
[BlackElo "1598"]
[Annotator "NA"]
[PlyCount "45"]
[EventDate "2018.11.24"]
[EventType "team-tourn"]
[EventCountry "ROU"]
[SourceTitle "playchess.com"]
[Source "ChessBase"]
[SourceQuality "1"]
[TimeControl "40/5400+30:1800+30"]

1. d4 d5 2. c4 e6 3. Nc3 Nf6 4. cxd5 exd5 5. Bg5 c6 6. e3 Be7 7. Bd3 Nbd7 8. Qc2 h6 9. Bh4 O-O 10. Nf3 Re8 11. O-O Ne4 12. Bxe7 Qxe7 {[%emt 0:01:04] LiveBook: 115 Games} 13. Rab1 a5 14. Na4 f5 15. Rbc1 Qd6 16. Rfe1 Ndf6 (16... b5 $11 {keeps the balance.}) 17. Ne5 c5 $18 (17... Qd8 $16) 18. Nxc5 b6 19. Na4 Bb7 20. Qc7 Rab8 21. Qf7+ Kh7 22. Rc7 Rg8 23. Qg6+ 1-0

[Event "ROU-chT Women Superliga 2018"]
[Site "Sovata"]
[Date "2018.11.28"]
[Round "4"]
[White "Rata, Anamaria"]
[Black "Cosman, Andreea-Marioara"]
[Result "1/2-1/2"]
[ECO "B90"]
[WhiteElo "1780"]
[BlackElo "2176"]
[Annotator "NA RC"]
[PlyCount "107"]
[EventDate "2018.11.24"]
[EventType "team-tourn"]
[EventCountry "ROU"]
[SourceTitle "playchess.com"]
[Source "ChessBase"]
[SourceQuality "1"]
[TimeControl "40/5400+30:1800+30"]

1. e4 c5 2. Nf3 d6 3. d4 cxd4 4. Nxd4 Nf6 5. Nc3 a6 6. Be3 e5 7. Nb3 Be6 8. Qd2 Be7 9. f4 {[%emt 0:00:57] B90: Sicilian Najdorf: Unusual White 6th moves, 6 Be3 Ng4 and 6 Be3 e5} Ng4 10. f5 Bxb3 11. axb3 Nxe3 12. Qxe3 {[%emt 0:00:06] LiveBook: 3 Games} Nc6 ({Black should try} 12... Nd7 $14) 13. Bd3 $146 ({Predecessor:} 13. Nd5 h5 14. c3 Kf8 15. Qb6 Qb8 16. Be2 Bh4+ {1-0 (29) Kobalia,M (2623)-Fedoseev,V (2674) Kaliningrad 2015}) 13... Bg5 14. Qf2 Nb4 15. Rd1 O-O 16. Bc4 Be3 17. Qe2 Rc8 (17... b5 $11 18. Nd5 Qh4+ 19. Kf1 bxc4 20. Nxe3 cxb3) 18. Rf1 b5 19. Bd5 $2 (19. Nd5 $11 {and White has nothing to worry.} Nxd5 20. Bxd5 Qa5+ 21. c3 Rxc3 22. bxc3 Qxc3+ 23. Rd2 Qc1+ 24. Rd1 Qc3+ 25. Rd2 Qc1+ 26. Rd1 Qc3+) 19... Qa5 20. Rf3 Bd4 21. Kf1 Bxc3 22. bxc3 Nxd5 23. Rxd5 Rxc3 24. Rxc3 Qxc3 25. Rxd6 h6 26. Qd2 Qa1+ 27. Qd1 Qxd1+ 28. Rxd1 Rc8 29. Rd2 Kf8 30. Ke1 Ke7 31. Kd1 Rc3 32. Rd5 f6 33. Kd2 Rc6 34. Kd3 b4 35. Kd2 Rd6 36. Rxd6 Kxd6 37. Kd3 Kc5 38. g4 Kb5 39. h3 Kc5 40. Ke3 a5 41. h4 Kb5 42. Kd3 a4 43. c4+ $1 Ka5 44. bxa4 Kxa4 45. c5 $1 Kb5 {[%emt 0:00:12] [#]} 46. c6 $1 Kxc6 47. Kc4 b3 48. Kxb3 h5 49. gxh5 Kb5 (49... Kc5 $5 50. Kc3 $8 Kb5 $11) 50. Kc3 $11 Kc5 51. h6 gxh6 52. h5 Kb5 53. Kb3 $11 Kc5 54. Kc3 1/2-1/2

[Event "ROU-chT Women Superliga 2018"]
[Site "Sovata"]
[Date "2018.11.29"]
[Round "5"]
[White "L'Ami, Alina"]
[Black "Cristocea, Gabriela"]
[Result "1-0"]
[ECO "D15"]
[WhiteElo "2285"]
[BlackElo "1843"]
[Annotator "NA RC"]
[PlyCount "69"]
[EventDate "2018.11.24"]
[EventType "team-tourn"]
[EventCountry "ROU"]
[SourceTitle "playchess.com"]
[Source "ChessBase"]
[SourceQuality "1"]
[TimeControl "40/5400+30:1800+30"]

1. d4 d5 2. c4 c6 3. Nf3 Nf6 4. Nc3 a6 {[%emt 0:00:00] LiveBook: 8539 Games} 5. Qc2 g6 {[%emt 0:04:01] D15: Slav Defence: 4 Nc3 a6 and gambit lines after 4 Nc3 dxc4} 6. Bg5 Bg7 (6... Be6 7. e4 dxe4 8. Nxe4 Nbd7 9. Nxf6+ exf6 10. Bd2 Bg7 11. Be2 O-O 12. O-O Bf5 13. Qb3 {1-0 (40) Gelfand,B (2695)-Artemiev,V (2704) Poikovsky 2018}) 7. Bxf6 Bxf6 8. cxd5 cxd5 9. Nxd5 Nc6 10. Nxf6+ exf6 11. e3 Bf5 12. Qd2 O-O 13. Be2 Qe7 $146 14. O-O Rfd8 15. Rfc1 Rd7 16. a3 Rad8 17. Qe1 Be4 18. Nd2 f5 (18... Bd5 $16 {was necessary.} 19. Nc4 Be4) 19. Nxe4 fxe4 20. b4 Rc7 21. Rc5 Rdc8 22. Rac1 b6 23. R5c3 Nb8 24. Bc4 Qd6 25. h3 Kg7 26. Bb3 Nd7 27. Rxc7 Rxc7 28. Rc3 $18 Nf6 29. Qc1 Nd5 30. Rxc7 Nxc7 31. Qc4 Qd7 32. d5 Qe7 33. Qd4+ Qf6 34. Qxe4 Nb5 35. a4 1-0

[Event "ROU-chT Women Superliga 2018"]
[Site "Sovata"]
[Date "2018.11.29"]
[Round "5"]
[White "Dragomirescu, Angela"]
[Black "Anton, Ana-Roxana"]
[Result "1/2-1/2"]
[ECO "A05"]
[WhiteElo "2275"]
[BlackElo "1860"]
[Annotator "NA RC"]
[PlyCount "40"]
[EventDate "2018.11.24"]
[EventType "team-tourn"]
[EventCountry "ROU"]
[SourceTitle "playchess.com"]
[Source "ChessBase"]
[SourceQuality "1"]
[TimeControl "40/5400+30:1800+30"]

1. Nf3 Nf6 2. d4 e6 3. g3 b5 4. Bg2 Bb7 5. O-O c5 6. Be3 c4 7. c3 a5 8. a4 b4 9. b3 d5 10. Ne5 cxb3 11. Qxb3 Be7 12. cxb4 axb4 13. Rc1 Ba6 14. Bf1 O-O 15. Nd2 Nfd7 16. Nd3 Qb6 17. Ne5 f6 $11 (17... Re8 $15) 18. Nxd7 Nxd7 19. a5 Qb7 20. h4 Rac8 1/2-1/2

[Event "ROU-chT Women Superliga 2018"]
[Site "Sovata"]
[Date "2018.11.29"]
[Round "5"]
[White "Cosman, Andreea-Marioara"]
[Black "Ciolacu, Alessia-Mihaela"]
[Result "1-0"]
[ECO "D08"]
[WhiteElo "2176"]
[BlackElo "1972"]
[Annotator "NA RC"]
[PlyCount "55"]
[EventDate "2018.11.24"]
[EventType "team-tourn"]
[EventCountry "ROU"]
[SourceTitle "playchess.com"]
[Source "ChessBase"]
[SourceQuality "1"]
[TimeControl "40/5400+30:1800+30"]

1. d4 d5 2. c4 e5 3. dxe5 d4 4. e4 Nc6 5. f4 f5 6. Bd3 fxe4 7. Bxe4 Nxe5 8. Nf3 ({But not} 8. Qh5+ Nf7 $15) 8... Bb4+ 9. Bd2 Bxd2+ 10. Nbxd2 Nxf3+ 11. Qxf3 Ne7 12. Nb3 O-O 13. O-O-O Qd6 14. Rxd4 Qh6 15. g3 c6 16. Nc5 $18 Qh3 17. Re1 Bg4 18. Qf2 b6 19. Bg2 Qh5 20. Nd7 Rfe8 21. Ne5 Rac8 22. h3 Be6 23. g4 Qh6 24. g5 Qh5 25. Bf3 Qxh3 26. Rh1 Qxh1+ 27. Bxh1 c5 28. Rd6 1-0

[Event "ROU-chT Women Superliga 2018"]
[Site "Sovata"]
[Date "2018.11.29"]
[Round "5"]
[White "Baciu, Anca-Otilia"]
[Black "Sgircea, Silvia-Raluca"]
[Result "1-0"]
[ECO "B31"]
[WhiteElo "1998"]
[BlackElo "2259"]
[Annotator "NA RC"]
[PlyCount "63"]
[EventDate "2018.11.24"]
[EventType "team-tourn"]
[EventCountry "ROU"]
[SourceTitle "playchess.com"]
[Source "ChessBase"]
[SourceQuality "1"]
[TimeControl "40/5400+30:1800+30"]

1. e4 c5 2. Nf3 Nc6 3. Bb5 g6 4. Bxc6 bxc6 {[%emt 0:00:00] LiveBook: 1502 Games} 5. O-O Bg7 6. Re1 Nh6 7. c3 O-O 8. d4 {[%emt 0:00:35] B31: Sicilian: 2...Nc6 3 Bb5 g6} (8. h3 f5 9. e5 Nf7 10. d3 d6 11. Bf4 Ba6 12. Na3 Rb8 13. Qd2 dxe5 14. Nxe5 Nxe5 15. Bxe5 Bxe5 16. Rxe5 Qxd3 {1-0 (50) Amin,B (2686)-Guseinov,G (2667) Hoogeveen 2018}) 8... Qb6 9. Na3 cxd4 10. cxd4 d6 11. Nc4 Qa6 12. Ne3 Rb8 13. b3 $146 ({Predecessor:} 13. h3 Be6 14. g4 Kh8 15. d5 Bd7 16. dxc6 Bxc6 {0-1 (35) Jeran,B (2153)-Skoberne,J (2479) Ljubljana 2007}) 13... Bd7 14. Bb2 f6 15. Qc2 Nf7 16. Nd2 Rfd8 17. f4 e5 18. f5 exd4 19. Bxd4 Ne5 20. fxg6 hxg6 21. Ndc4 Be6 22. Nxe5 (22. Rad1 $16) 22... fxe5 23. Bb2 Bf7 24. Kh1 Qb5 25. Qf2 d5 ({Better is} 25... Qa5 $14) 26. exd5 cxd5 27. Ng4 d4 28. Rf1 Qd5 29. Bc1 Rf8 30. Nh6+ Kh7 {[%emt 0:02:06] [#]} 31. Qh4 $1 ({Worse is} 31. Nxf7 Kg8 $17) 31... g5 32. Bxg5 $18 1-0